Map: Shrines of Lizul

Players

Subwaymaker - Winner!

  • Race: Protoss Protoss
  • League: Silver
  • Spawn Location: 9:00

Mesrob - Winner!

  • Race: Terran Terran
  • Spawn Location: 6:00

Gades

  • Race: Zerg Zerg
  • League: Gold
  • Spawn Location: 12:00

SamuelHZ

  • Race: Protoss Protoss
  • Spawn Location: 3:00

VOD

Have the link to the VOD?

Description

Time

  • Played on: Jan. 7, 2019, 3:51 p.m.
  • Length: 22:59
Show
View Real Time Build Order
Export as new Build Order

Subwaymaker Protoss - Winner!

Build Orders: Carriers 

Get SALT Encoding   

  1  0:00  Probe  
  13  0:08  Probe  
  14  0:22  Pylon  
  14  0:27  Assimilator  
  14  0:29  Probe  
  15  0:49  Probe, Gateway  
  16  0:59  Probe  
  16  1:02  Forge  
  17  1:07  Probe  
  17  1:15  Probe  
  19  1:27  Probe  
  19  1:31  Pylon  
  20  1:50  Cybernetics Core  
  20  1:55  Photon Cannon  
  20  1:59  Photon Cannon  
  20  2:06  Probe  
  20  2:08  Zealot  
  22  2:10  Assimilator  
  22  2:14  Probe  
  24  2:25  Probe  
  25  2:35  Stalker  
  27  2:37  Probe  
  28  2:49  Probe  
  29  3:04  Stargate  
  29  3:10  Photon Cannon  
  29  3:13  Shield Battery  
  29  3:15  Probe  
  30  3:23  Probe  
  30  3:32  Pylon  
  31  3:34  Pylon  
  31  3:35  Pylon  
  31  3:50  Probe, Zealot  
  31  3:52  Void Ray  
  38  4:17  Zealot  
  40  4:26  Void Ray  
  40  4:27  Stargate  
  40  4:32  Pylon  
  40  4:35  Protoss Air Weapons Level 1  
  44  5:05  Nexus  
  44  5:26  Oracle  
  44  5:27  Void Ray  
  51  5:31  Robotics Facility  
  51  5:56  Pylon  
  51  5:58  Pylon  
  51  6:01  Pylon  
  51  6:03  Assimilator  
  51  6:24  Probe  
  49  6:32  Probe  
  48  6:34  Stalker  
  48  6:35  Void Ray  
  48  6:36  Void Ray  
  57  6:40  Observer  
  57  6:42  Probe  
  60  6:54  Probe  
  60  6:57  Protoss Air Armor Level 1  
  60  6:58  Observer  
  61  7:04  Stalker  
  61  7:06  Probe x2  
  65  7:18  Probe x2  
  65  7:21  Photon Cannon  
  67  7:30  Probe  
  67  7:31  Probe  
  67  7:33  Void Ray  
  73  7:40  Stalker  
  73  7:42  Probe  
  73  7:43  Probe  
  77  8:03  Void Ray  
  81  8:12  Pylon  
  81  8:16  Fleet Beacon  
  81  8:29  Void Ray  
  86  8:48  Observer  
  86  9:02  Tempest  
  91  9:12  Tempest  
  96  9:40  Probe  
  96  9:44  Assimilator  
  97  9:52  Probe, Photon Cannon  
  98  9:54  Photon Cannon  
  98  9:57  Photon Cannon  
  98  9:58  Observer  
  99  10:01  Carrier  
  99  10:04  Probe  
  106  10:14  Protoss Air Weapons Level 2  
  106  10:25  Pylon  
  106  10:28  Pylon  
  106  10:29  Pylon  
  106  10:33  Pylon  
  106  10:35  Pylon  
  106  10:38  Pylon  
  106  10:44  Carrier  
  92  11:40  Carrier  
  92  11:42  Carrier  
  99  12:16  Probe  
  100  12:24  Stargate, Probe  
  101  12:34  Probe  
  102  12:44  Carrier  
  102  12:46  Immortal, Probe  
  102  12:49  Void Ray  
  117  12:56  Sentry  
  119  13:22  Sentry  
  121  13:29  Void Ray  
  121  13:30  Nexus  
  121  13:32  Carrier  
  121  13:33  Pylon  
  131  13:34  Pylon  
  131  13:36  Pylon  
  131  13:38  Pylon  
  131  13:41  Assimilator  
  131  13:45  Assimilator, Adept  
  131  13:48  Void Ray  
  131  13:54  Photon Cannon  
  137  13:55  Photon Cannon  
  137  13:58  Photon Cannon  
  137  14:00  Photon Cannon  
  137  14:14  Void Ray  
  141  14:28  Stalker  
  79  15:46  Immortal  
  79  15:47  Void Ray x2  
  91  16:25  Immortal  
  77  17:20  Void Ray x3  
  84  17:26  Probe  
  77  17:38  Probe  
  74  17:50  Probe  
  67  18:03  Void Ray x3  
  39  18:36  Immortal  
  39  18:46  Void Ray x2, Carrier  
  53  19:07  Stargate  
  53  19:09  Stargate  
  53  19:10  Stargate  
  53  19:15  Immortal  
  53  19:23  Carrier  
  44  19:28  Void Ray  
  54  19:47  Stalker  
  54  19:48  Void Ray  
  54  19:50  Void Ray  
  54  19:51  Void Ray  
  54  19:52  Void Ray  
  72  20:02  Carrier  
  78  20:17  Stalker  
  80  20:23  Void Ray  
  80  20:27  Carrier  
  90  21:13  Nexus  
  90  21:29  Pylon  
  90  21:56  Probe x2  
  93  22:08  Probe x2  
  93  22:14  Tempest  
  99  22:20  Probe x2  
  101  22:32  Probe  
Show
View Real Time Build Order
Export as new Build Order

Mesrob Terran - Winner!

Build Orders:  

Get SALT Encoding   

  12  0:00  SCV  
  13  0:13  SCV  
  14  0:19  Supply Depot  
  14  0:25  SCV  
  15  0:30  Refinery  
  15  0:40  SCV  
  16  0:46  Barracks  
  16  0:54  SCV  
  16  1:53  Factory  
  16  1:54  Barracks Tech Lab  
  16  2:05  Orbital Command  
  16  2:07  Supply Depot  
  16  2:12  Refinery  
  16  2:35  Barracks Reactor  
  16  2:45  Barracks  
  16  2:48  Siege Tank  
  19  2:59  Command Center  
  19  3:15  Marine x2  
  21  3:33  Marine x2  
  23  3:34  Barracks Tech Lab  
  23  3:50  Marine  
  23  3:52  Siege Tank  
  23  3:53  Marine  
  23  3:54  Marine  
  29  4:15  Marine x2  
  29  4:16  Combat Shield  
  31  4:26  Orbital Command  
  31  4:39  Siege Tank  
  31  4:42  Marine  
  35  4:46  Marine  
  35  4:51  SCV  
  37  4:54  SCV  
  35  5:16  Marauder, Marine  
  35  5:17  Marine  
  33  5:50  Marine x2  
  33  5:51  Siege Tank  
  27  6:23  Siege Tank  
  28  6:29  Orbital Command  
  26  6:49  Marauder, Marine  
  26  6:50  Marine  
  30  6:55  Siege Tank, SCV  
  34  7:07  Marine  
  34  7:08  Marine  
  36  7:11  Marauder  
  38  7:19  Refinery  
  38  7:22  Supply Depot  
  38  7:25  Marine x2  
  38  7:28  Engineering Bay  
  40  7:31  Marine  
  41  7:40  SCV  
  41  7:42  Refinery  
  41  7:43  Marine x2  
  44  7:46  Supply Depot  
  41  7:52  SCV  
  42  8:06  Missile Turret  
  42  8:12  Siege Tank  
  45  8:14  Marine, Marauder  
  45  8:15  Marine  
  49  8:25  Sensor Tower  
  49  8:31  Starport  
  49  8:32  Marine x2  
  51  8:35  Supply Depot  
  51  8:36  SCV  
  51  8:39  SCV  
  53  8:44  Terran Infantry Weapons Level 1  
  53  8:53  Missile Turret  
  53  8:57  Marine  
  53  8:59  SCV  
  54  9:11  SCV  
  54  9:15  Stimpack  
  54  9:16  Missile Turret  
  55  9:23  Siege Tank  
  58  9:25  Marauder  
  58  9:28  SCV  
  61  9:38  SCV  
  62  9:43  SCV  
  63  9:55  Siege Tank, SCV  
  67  10:07  SCV  
  67  10:12  Marauder  
  70  10:38  Terran Infantry Armor Level 1  
  70  10:55  Marine x2  
  36  11:13  Marine x2  
  36  11:14  Marine  
  33  11:29  Siege Tank  
  33  11:31  Marine x2, Starport Reactor  
  33  11:32  Marine  
  39  11:34  Supply Depot  
  38  11:48  Marine x2  
  38  11:49  Marine  
  44  12:01  Siege Tank  
  44  12:06  Marine x2  
  44  12:07  Marine  
  44  12:08  Supply Depot, Barracks  
  47  12:24  Marine x2  
  47  12:25  Marine  
  50  12:33  Siege Tank  
  53  12:41  Command Center  
  53  12:42  Marine x2  
  53  12:43  Marine  
  56  13:01  Marine  
  56  13:05  Siege Tank  
  60  13:31  Marine x3  
  63  13:39  Siege Tank  
  66  13:43  Barracks Reactor  
  66  13:48  Marine  
  66  13:49  Marine x2  
  69  13:56  Armory  
  68  14:06  Marine  
  68  14:07  Marine  
  70  14:11  Siege Tank  
  70  14:15  Refinery  
  73  14:26  Viking  
  73  14:27  Viking  
  76  14:39  Refinery  
  76  14:43  Siege Tank  
  79  14:53  Orbital Command  
  46  16:43  Marine  
  46  16:44  Marine x2  
  46  16:46  SCV  
  50  16:51  SCV  
  50  16:54  SCV  
  50  16:58  SCV  
  52  17:01  Marine  
  52  17:02  Marine x2, Supply Depot  
  52  17:03  SCV  
  52  17:04  Marine x2  
  52  17:06  SCV  
  58  17:10  SCV  
  58  17:15  SCV  
  60  17:18  Terran Vehicle And Ship Armor Level 1, SCV  
  60  17:19  Marine  
  60  17:20  Marine x2, Viking x2  
  60  17:21  Marine, Siege Tank  
  60  17:22  Marine, SCV  
  74  17:26  Supply Depot  
  74  17:27  SCV  
  65  17:31  SCV  
  65  17:34  SCV  
  66  17:37  Marine x3  
  66  17:39  Marine, SCV  
  66  17:40  Marine  
  66  17:43  SCV  
  65  17:50  Viking  
  63  17:51  Supply Depot  
  63  17:53  Siege Tank  
  63  17:55  Marine x3  
  63  17:57  Marine  
  63  17:58  Marine  
  70  18:12  Marine  
  70  18:13  Marine x2  
  70  18:15  Marine x2  
  75  18:26  Siege Tank  
  77  18:30  Marine  
  64  18:39  Marine x4  
  64  18:41  Viking x2  
  67  18:48  Marine  
  68  18:56  Marine  
  68  18:57  Marine x3  
  68  18:58  Siege Tank  
  75  19:06  Marine, Supply Depot  
  76  19:11  Viking x2  
  76  19:12  Terran Vehicle Weapons Level 1  
  76  19:14  Marine  
  76  19:15  Marine x3  
  84  19:24  Marine  
  84  19:30  Siege Tank  
  88  19:32  Marine x4  
  92  19:41  Viking x2  
  92  19:42  Marine  
  97  19:50  Marine x4  
  101  19:59  Marine  
  101  20:02  Siege Tank  
  105  20:08  Marine x3  
  105  20:10  Marine  
  105  20:12  Viking  
  105  20:13  Viking  
  113  20:17  Marine  
  114  20:25  Marine  
  114  20:26  Marine x2  
  114  20:28  Marine  
  118  20:34  Siege Tank  
  118  20:35  Marine  
  122  20:42  Viking  
  122  20:43  Marine, Viking  
  122  20:44  Marine x2  
  122  20:45  Marine  
  130  20:51  Command Center  
  130  20:53  Marine  
  131  21:01  Marine  
  131  21:02  Marine  
  133  21:23  Supply Depot  
  133  21:29  Command Center  
  133  21:30  Marine x4, Siege Tank, SCV  
  141  21:32  Marine  
  141  21:33  Viking x2  
  141  21:34  SCV  
  141  21:35  Supply Depot  
  147  21:42  SCV  
  147  21:45  Supply Depot  
  147  21:46  SCV  
  149  21:47  Marine x2  
  151  21:58  SCV  
  152  22:04  Planetary Fortress  
  152  22:06  Refinery  
  152  22:08  Supply Depot  
  152  22:11  SCV  
  153  22:18  Marine  
  153  22:19  Marine x4  
  153  22:21  Siege Tank  
  161  22:23  SCV  
  156  22:36  Marine  
  156  22:37  Marine x4  
Show
View Real Time Build Order
Export as new Build Order

Gades Zerg 

Build Orders: Pool First 

Get SALT Encoding   

  12  0:03  Drone  
  13  0:08  Drone  
  14  0:18  Overlord  
  14  0:32  Extractor  
  14  0:33  Drone  
  14  0:36  Drone  
  14  0:37  Drone  
  16  0:47  Drone  
  17  0:57  Spawning Pool  
  17  1:00  Drone  
  17  1:14  Drone  
  18  1:27  Drone  
  19  1:36  Drone  
  20  1:49  Zergling x2  
  20  1:53  Metabolic Boost  
  21  1:55  Zergling x2  
  22  2:03  Hatchery  
  22  2:06  Overlord  
  22  2:15  Zergling x2  
  22  2:24  Extractor, Zergling x2  
  22  2:34  Zergling x2  
  23  2:42  Queen  
  25  3:03  Zergling x4  
  27  3:10  Zergling x2  
  28  3:18  Zergling x4  
  29  3:36  Drone x2  
  29  3:40  Queen  
  33  3:50  Drone x3  
  33  3:51  Overlord  
  34  4:10  Drone x3  
  34  4:11  Drone x3  
  40  4:19  Extractor  
  40  4:20  Extractor  
  40  4:22  Queen  
  40  4:23  Queen  
  42  4:32  Drone  
  42  4:33  Overlord, Roach Warren  
  42  4:53  Drone x2  
  42  4:54  Drone x5  
  49  5:20  Roach  
  51  5:21  Overlord x3  
  51  5:22  Overlord  
  51  5:32  Zergling x2  
  52  5:41  Spore Crawler, Spine Crawler  
  52  5:42  Spine Crawler  
  49  5:48  Queen  
  53  5:50  Roach x4  
  59  6:05  Hatchery  
  56  6:30  Zergling x12  
  62  6:48  Spore Crawler  
  62  6:49  Spore Crawler, Drone x2  
  62  7:13  Drone x4  
  62  7:14  Drone x2  
  68  7:55  Drone x2  
  68  7:56  Drone x6  
  68  7:57  Drone x5  
  81  7:59  Lair  
  81  8:04  Burrow  
  81  8:13  Spore Crawler  
  81  8:15  Spore Crawler  
  81  8:16  Extractor  
  81  8:17  Extractor  
  77  8:31  Roach x6  
  77  8:32  Overlord  
  77  8:33  Overlord x2  
  89  8:51  Evolution Chamber x2  
  89  8:52  Roach  
  89  8:53  Roach x6  
  89  8:54  Roach  
  103  9:10  Roach x3  
  103  9:11  Roach x2  
  103  9:15  Overseer x3  
  113  9:18  Zerg Missile Weapons Level 1  
  113  9:20  Zerg Ground Armor Level 1  
  113  9:26  Hydralisk Den  
  113  9:29  Infestation Pit  
  113  9:31  Drone x2  
  113  9:45  Spore Crawler  
  112  10:07  Overlord  
  112  10:08  Overlord x2  
  112  10:10  Overlord x2  
  112  10:25  Hydralisk x2  
  112  10:26  Hydralisk x6  
  112  10:27  Hydralisk x3  
  134  10:29  Overlord  
  134  10:30  Overlord x4  
  134  10:34  Pneumatized Carapace  
  134  10:40  Muscular Augments  
  134  10:45  Drone x3  
  134  10:46  Drone  
  68  11:22  Hydralisk x6  
  68  11:23  Hydralisk x3  
  76  11:40  Spire  
  76  11:44  Hydralisk  
  76  11:45  Hydralisk x3  
  83  11:54  Hydralisk  
  83  11:55  Hydralisk x3  
  83  11:58  Zerg Missile Weapons Level 2  
  91  12:06  Grooved Spines  
  91  12:12  Hatchery  
  90  12:19  Roach x2  
  90  12:20  Roach x2  
  90  12:21  Roach x2  
  102  12:23  Zerg Ground Armor Level 2  
  102  12:50  Hydralisk x4, Roach x2  
  114  12:56  Zerg Flyer Armor Level 1  
  114  13:03  Drone x2  
  114  13:04  Drone x4  
  120  13:21  Roach x2  
  120  13:22  Roach  
  126  13:32  Queen  
  128  13:37  Spine Crawler  
  128  13:38  Spore Crawler  
  128  13:39  Zergling x2  
  128  13:40  Zergling x4  
  129  14:37  Corruptor x3  
  129  14:38  Corruptor x6  
  137  14:39  Corruptor x2  
  151  14:50  Zerg Flyer Weapons Level 1  
  108  15:26  Roach  
  108  15:27  Roach x7  
  108  15:28  Roach x2  
  70  16:01  Corruptor x4  
  70  16:02  Corruptor x6  
  70  16:03  Hydralisk x4  
  84  16:20  Corruptor x3  
  84  16:22  Overlord  
  85  16:45  Hydralisk x3, Roach x3  
  85  16:46  Hydralisk x6  
  85  16:47  Hydralisk  
  106  16:48  Roach x4  
  106  16:49  Roach x2  
  106  16:52  Zerg Flyer Armor Level 2  
  118  16:59  Corruptor x5  
  118  17:00  Corruptor  
  112  17:23  Hydralisk x6  
  112  17:24  Hydralisk x4  
  124  17:44  Hydralisk x4  
  124  17:45  Corruptor  
  132  17:56  Corruptor x5  
  120  18:35  Hydralisk  
  120  18:36  Hydralisk x7  
  120  18:37  Hydralisk x3  
  126  18:49  Hydralisk x5  
  126  18:50  Hydralisk  
  136  18:57  Hydralisk  
  138  19:04  Hive  
  138  19:08  Zerg Flyer Weapons Level 2  
  138  19:28  Roach x3  
  138  19:29  Roach x6  
  156  19:49  Roach x3  
  158  20:15  Lurker Den  
  157  20:27  Evolution Chamber x2  
  155  20:40  Roach x3  
  155  20:41  Hatchery, Overlord x3  
  155  20:42  Overlord x4  
  160  20:52  Hydralisk  
  160  20:54  Overlord x2  
  162  21:07  Hydralisk x2  
  162  21:08  Hydralisk x7  
  180  21:12  Overseer x3  
  180  21:14  Corruptor x2  
  184  21:27  Hydralisk x3  
  184  21:28  Hydralisk x5  
  200  22:04  Overlord x2  
  180  22:31  Lurker  
  180  22:32  Lurker x3  
  180  22:33  Lurker x2  
Show
View Real Time Build Order
Export as new Build Order

SamuelHZ Protoss 

Build Orders: Dark Templar Rush 

Get SALT Encoding   

  12  0:02  Probe  
  13  0:16  Pylon  
  13  0:25  Probe  
  14  0:33  Assimilator  
  14  0:39  Probe  
  14  0:40  Gateway  
  15  0:47  Probe  
  15  0:56  Probe  
  17  1:07  Assimilator  
  17  1:08  Probe  
  18  1:20  Probe  
  19  1:29  Cybernetics Core  
  19  1:34  Gateway  
  19  1:38  Pylon  
  19  1:39  Probe  
  20  1:47  Probe  
  21  1:56  Probe  
  22  2:13  Robotics Facility  
  22  2:19  Twilight Council  
  22  2:20  Warp Gate  
  22  2:29  Adept x2  
  26  2:55  Forge  
  26  3:00  Dark Shrine  
  30  3:26  Stalker x2  
  30  3:34  Pylon  
  30  3:42  Observer  
  31  3:58  Immortal  
  31  4:07  Nexus  
  35  4:29  Dark Templar  
  35  4:30  Dark Templar  
  34  5:21  Dark Templar  
  34  5:22  Dark Templar  
  34  5:55  Stalker x2  
  30  6:19  Stalker x2  
  34  6:38  Protoss Ground Weapons Level 1  
  34  6:45  Zealot x2  
  38  6:53  Gateway  
  38  6:54  Probe  
  38  6:55  Gateway  
  38  6:56  Gateway  
  38  7:00  Pylon  
  39  7:02  Pylon, Probe  
  40  7:10  Forge  
  40  7:12  Probe  
  41  7:17  Dark Templar  
  41  7:18  Dark Templar  
  45  7:24  Probe  
  45  7:27  Observer  
  47  7:36  Probe  
  48  8:13  Stalker x2  
  48  8:14  Stalker x3  
  58  8:29  Probe  
  58  8:30  Immortal  
  63  8:37  Assimilator, Probe  
  63  8:40  Assimilator  
  64  8:44  Pylon  
  64  8:46  Pylon, Probe  
  65  8:58  Probe  
  62  9:10  Probe  
  62  9:11  Stalker x4  
  62  9:12  Stalker  
  73  9:23  Protoss Ground Weapons Level 2  
  73  9:25  Probe  
  74  9:33  Probe, Charge  
  74  9:36  Zealot x5  
  85  9:43  Probe  
  86  9:48  Protoss Shields Level 1  
  86  10:08  Templar Archives  
  86  10:26  Pylon  
  86  10:27  Pylon  
  86  10:30  Pylon  
  86  10:44  Probe  
  87  10:52  Probe  
  76  11:00  Probe  
  53  11:10  Probe  
  44  11:21  Stalker x4  
  44  11:22  Stalker, Probe  
  52  11:56  Stalker x3  
  52  11:57  Stalker x2  
  52  11:59  Psionic Storm  
  62  12:05  Nexus  
  62  12:20  High Templar x2  
  62  12:21  High Templar x3  
  72  12:33  Protoss Shields Level 2  
  72  12:36  Assimilator  
  72  12:37  Protoss Ground Weapons Level 3  
  72  12:41  Assimilator  
  72  12:54  Stalker x4  
  72  12:55  Stalker  
  80  13:22  Probe  
  81  13:30  Probe  
  81  13:34  Pylon  
  81  13:37  Pylon  
  81  13:39  Gateway  
  81  13:40  Probe, Gateway  
  82  13:43  Gateway  
  82  13:46  Gateway  
  83  13:51  Stalker x2  
  83  13:52  Stalker x3, Probe  
  94  14:04  Probe  
  95  14:17  Stalker  
  95  14:18  Stalker x4  
  45  15:27  High Templar x3  
  45  15:28  High Templar x2  
  55  15:46  Nexus  
Tags
 
Add a new tag
Caveats
  • Supply blocks, unpowered buildings, or Contaminate may cause inaccurate times.
  • Supply counts are checked every 10 seconds.